 Dungeon Crawl Stone Soup version 0.31.0-1-g2c135a008e (webtiles) character file.

Game seed: 6653438272531399031

498 qw the Shooter (level 7, -4/53 HPs)
             Began as a Djinni Hunter on Jan 23, 2024.
             Slain by a wight
             ... wielding a +5 mace
              (7 damage)
             ... on level 4 of the Dungeon.
             The game lasted 00:00:09 (2454 turns).

qw the Shooter (Djinni Hunter)                      Turns: 2454, Time: 00:00:09

Health: -4/53      AC:  4    Str: 10    XL:     7   Next: 39%
Gold:   235        EV: 14    Int: 10    God:
                   SH:  0    Dex: 19

rFire   + . .        a - +1 shortbow
rCold   . . .        (shield currently unavailable)
rNeg    . . .        i - +2 robe {Will+}
rPois   inf          (no helmet)
rElec   .            (no cloak)
rCorr   .            (no gloves)
SInv    .            (boots unavailable)
Will    +....        (no amulet)
Stlth   ++           d - ring of ice
HPRegen 0.28/turn    (no ring)
MPRegen 0.00/turn

%: infuse magic (-5 HP)
@: flying
A: sickness immunity, fire resistance 2, cold vulnerability 1, float, innate
caster, HP casting, extra vitality 1
a: no special abilities


You were on level 4 of the Dungeon.
You visited 1 branch of the dungeon, and saw 4 of its levels.

You collected 235 gold pieces.


Innate Abilities, Weirdness & Mutations

You are immune to sickness and miasma.
You are immune to poison.
Your flesh is very heat resistant. (rF++)
You are vulnerable to cold. (rC-)
You float through the air rather than walking.
You learn spells naturally, not from books.
Your magical power is your life essence.
You have superior vitality. (+4 MHP)


   Skills:
 - Level 4.3 Fighting
 + Level 5.2 Ranged Weapons
 - Level 4.6 Dodging
 - Level 0.7 Stealth


You knew the following spells:

 Your Spells              Type           Power      Damage    Failure   Level
a - Sting                 Conj/Alch      0%         1d3       36%         1
b - Mercury Vapours       Alch/Air       0%         N/A       50%         2
c - Frozen Ramparts       Ice            0%         1d1       75%         3
Your spell library was empty.

Inventory:

Hand Weapons
 a - a +1 shortbow (weapon)
Armour
 i - a +2 robe of willpower (worn)
Jewellery
 d - a ring of ice (left hand)
Potions
 b - a potion of curing
 c - a potion of mutation {unknown}
 f - a potion of enlightenment {unknown}
 h - a potion of invisibility {unknown}
 j - a potion of heal wounds {unknown}

Dungeon Overview and Level Annotations

Branches:
Dungeon (4/15)
 Temple: D:4-7

Altars:
Ru


Message History

You shoot an arrow.
The arrow hits the wight but does no damage.
The wight is heavily damaged.
You shoot an arrow. The arrow hits the wight.
The wight is heavily damaged.
You shoot an arrow.
The arrow hits the wight but does no damage.
The wight is heavily damaged.
You shoot an arrow. The arrow closely misses the wight.
You shoot an arrow. The arrow hits the wight.
The wight is almost destroyed.
The wight misses you.
You shoot an arrow. The arrow hits the wight.
You destroy the wight!
Your Fighting skill increases to level 4!
Things that are here:
a +0 falchion; a +0 robe 2 wights come into view.
You shoot an arrow. The arrow hits the wight.
The wight is moderately damaged.
You shoot an arrow. The arrow hits the wight.
The wight is moderately damaged.
The wight closely misses you.
You shoot an arrow. The arrow barely misses the wight.
You shoot an arrow. The arrow barely misses the wight.
The wight misses you. The wight barely misses you.
You shoot an arrow. The arrow barely misses the wight.
The wight completely misses you. The wight hits you with a +5 mace!
You shoot an arrow.
The arrow hits the wight but does no damage.
The wight is moderately damaged.
The wight hits you with a +0 great sword!
The wight hits you with a +5 mace. The wight hits you with a +5 mace!
The wight hits you with a +0 great sword.
You shoot an arrow. The arrow closely misses the wight.
The wight barely misses you. The wight hits you with a +5 mace!
You shoot an arrow. The arrow hits the wight!
The wight is severely damaged.
The wight barely misses you. The wight hits you with a +5 mace!
You die...

## #. #. ..# #.
#.# #. #.# #. #.#
#z#########.#
#z@....)).#.#
#########.#.#####
#.......##
##........#
#.........#
##........#
#.......##
#.#.##.##
#.####.#


You could see 2 wights.

Vanquished Creatures
  A black bear (D:4)
  5 wights (D:4)
  A bombardier beetle (D:3)
  Jessica (D:2)
  3 adders
  3 dart slugs
  3 ribbon worms
  7 ball pythons
  4 endoplasms
  2 giant cockroaches
  4 goblins
  4 hobgoblins
  2 jackals (D:4)
  5 kobolds
  7 quokkas
  5 bats
  3 frilled lizards
  4 rats
64 creatures vanquished.

Notes
Turn   | Place    | Note
-------+----------+-------------------------------------------
     0 | D:1      | qw the Djinni Hunter began the quest for the Orb.
     0 | D:1      | Reached XP level 1. HP: 18/18 MP: 0/0
     0 | D:1      | 0 ||| qw: Version: 0.3-a-135-gb77e89d
     0 | D:1      | 0 ||| qw: Game counter: 914
     0 | D:1      | 0 ||| qw: Melee chars always use a shield: true
     0 | D:1      | 0 ||| qw: God list: Okawaru
     0 | D:1      | 0 ||| qw: Allow faded altars: false
     0 | D:1      | 0 ||| qw: Do Orc after clearing Dungeon:15 true
     0 | D:1      | 0 ||| qw: Do second Lair branch before Depths: true
     0 | D:1      | 0 ||| qw: Lair rune preference: random
     0 | D:1      | 0 ||| qw: Goals: Normal
     0 | D:1      | 0 ||| PLANNING D:1-11
   130 | D:1      | Reached XP level 2. HP: 23/23 MP: 0/0
   455 | D:1      | Reached skill level 4 in Ranged Weapons
   455 | D:1      | Reached XP level 3. HP: 28/28 MP: 0/0
   455 | D:1      | Learned a level 1 spell: Sting
   529 | D:1      | 529 ||| READING scroll labelled ILUMAI YDAECW.
   529 | D:1      | 529 ||| ENCHANTING +0 shortbow.
   530 | D:1      | 530 ||| READING scroll labelled SOT XU AXI.
   531 | D:1      | 531 ||| DROPPING scroll of butterflies.
   804 | D:2      | Noticed Jessica
   807 | D:2      | Killed Jessica
   808 | D:2      | Reached skill level 3 in Fighting
   808 | D:2      | Reached XP level 4. HP: 24/35 MP: 0/0
   836 | D:2      | 836 ||| FLEEEEING.
   925 | D:2      | Found a sacrificial altar of Ru.
  1251 | D:2      | 1251 ||| UPGRADING to +2 robe of willpower.
  1261 | D:2      | 1261 ||| DROPPING +0 leather armour.
  1262 | D:2      | 1262 ||| UPGRADING to ring of ice.
  1263 | D:2      | 1263 ||| READING scroll labelled YTAHUJ YFO.
  1264 | D:2      | 1264 ||| READING scroll labelled NAUR MUCESS.
  1265 | D:2      | 1265 ||| READING 2 scrolls labelled PUCHAT FADYAR.
  1266 | D:2      | 1266 ||| READING 2 scrolls labelled CIDOHU EBIMAED.
  1267 | D:2      | 1267 ||| DROPPING scroll of immolation.
  1268 | D:2      | 1268 ||| DROPPING scroll of poison.
  1393 | D:3      | Reached skill level 3 in Dodging
  1393 | D:3      | Reached XP level 5. HP: 40/40 MP: 0/0
  1393 | D:3      | Learned a level 2 spell: Mercury Vapours
  1917 | D:3      | Found a sacrificial altar of Ru.
  1959 | D:3      | 1959 ||| READING 2 scrolls labelled SAXETOE WENUPE.
  1959 | D:3      | 1959 ||| IDENTIFYING puce potion
  1960 | D:3      | 1960 ||| READING scroll of identify.
  1960 | D:3      | 1960 ||| IDENTIFYING purple potion
  1961 | D:3      | 1961 ||| READING scroll labelled DIOTTI RAICHAK.
  1962 | D:3      | 1962 ||| DROPPING potion of lignification.
  2019 | D:4      | Reached XP level 6. HP: 15/46 MP: 0/0
  2145 | D:4      | Reached skill level 5 in Ranged Weapons
  2287 | D:4      | Noticed a black bear
  2299 | D:4      | Killed a black bear
  2300 | D:4      | Reached XP level 7. HP: 41/50 MP: 0/0
  2300 | D:4      | Learned a level 3 spell: Frozen Ramparts
  2453 | D:4      | HP: 2/53 [wight/+5 mace (15)]
  2454 | D:4      | Slain by a wight

Levels and vault maps discovered:
D:1:      minmay_arrival_wavy_path, layout_basic, minmay_misc_feat_doors
D:2:      layout_loops_ring, basic_altar, uniq_jessica
D:3:      layout_loops_ring, nicolae_ru_path_of_blood, minmay_misc_feat_x,
          dreamdust_wishing_well
D:4:      layout_loops_ring, nicolae_wu_jian_glorious_leap,
          nicolae_twisty_statue_hallways

Skill      XL: |  1  2  3  4  5  6  7 |
---------------+----------------------+-----
Ranged Weapons | 4 5 |  5.2
Fighting       | 3 4 |  4.3
Dodging        | 3 4 |  4.6
Stealth        | |  0.7

Action                     |  1- 3 |  4- 6 |  7- 9 || total
---------------------------+-------+-------+-------++-------
   Fire: Shortbow          |    89 |   130 |    25 ||   244
    Use: Scroll            |     2 |     7 |       ||     9
 Armour: Leather armour    |    23 |     5 |       ||    28
         Robe              |       |    35 |    10 ||    45
  Dodge: Dodged            |    22 |    47 |     9 ||    78

Table legend:
 A = Non-vault XP
 B = Vault XP
 C = Vault XP percentage of total XP
 D = Non-vault monster count
 E = Vault monster count
 F = Vault count percentage of total count
                 A         B        C        D         E       F
            +---------+---------+-------+---------+---------+-------
      Total |     675 |      37 |   5.2 |      63 |       1 |   1.6
            +---------+---------+-------+---------+---------+-------
        D:1 |      33 |       0 |   0.0 |      20 |       0 |   0.0
        D:2 |      56 |      37 |  39.8 |      20 |       1 |   4.8
        D:3 |      71 |       0 |   0.0 |      12 |       0 |   0.0
        D:4 |     515 |       0 |   0.0 |      11 |       0 |   0.0
            +---------+---------+-------+---------+---------+-------
